General information
- name: Local Game (timg5strok)
- type: Custom game
- host: timg5strok
- saver: timg5strok
map: SecretValley
- players: 2
- length: 16:04
- speed: Fast
- version: 1.24 W3XP
- replay type: Public
» download(118 KB)
Players
team 1 (loser)
timg5strok (
gray | 161 APM | 2592 actions | 16:04)
4 Demon Hunter
2 Mana Burn
2 Evasion
3 Pandaren Brewmaster
2 Breath of Fire
1 Drunken Haze
1 Keeper of the Grove
1 Entangling Roots
» actions
| Assign group hotkey | 20 | |
| Basic commands | 116 | |
| Build / train | 57 | |
| ESC pressed | 5 | |
| Enter build submenu | 14 | |
| Enter hero's abilities submenu | 8 | |
| Give item / drop item | 2 | |
| Right click | 1111 | |
| Select / deselect | 367 | |
| Select group hotkey | 797 | |
| Use ability | 95 | |
2592 total
» units
| Wisp | 18 | |
| Archer | 4 | |
| Druid of the Claw | 5 | |
| Dryad | 7 | |
34 total
» upgrades
| Druid of the Claw Training | 2 | |
| Abolish Magic | 1 | |
3 total
» buildings
| Altar of Elders | 1 | |
| Moon Well | 7 | |
| Ancient of War | 1 | |
| Tree of Ages | 1 | |
| Hunter's Hall | 1 | |
| Ancient of Wonders | 1 | |
| Ancient of Lore | 3 | |
| Tree of Eternity | 1 | |
16 total
» build order
00:05 Altar of Elders
00:18 Moon Well
00:27 Ancient of War
01:43 Moon Well
02:52 Tree of Ages
03:09 Moon Well
04:10 Hunter's Hall
04:13 Moon Well
04:37 Ancient of Wonders
05:27 Ancient of Lore
05:57 Tree of Eternity
06:09 Moon Well
06:59 Ancient of Lore
07:12 Ancient of Lore
08:31 Moon Well
10:10 Moon Well
» items
| Dust of Appearance | 2 | |
| Staff of Preservation | 1 | |
| Orb of Venom | 1 | |
| Scroll of Town Portal | 2 | |
6 total
team 2 (winner)
Asp_ (
red | 211 APM | 3392 actions | 16:04)
4 Blademaster
2 Critical Strike
2 Wind Walk
4 Tauren Chieftain
2 War Stomp
2 Endurance Aura
» actions
| Assign group hotkey | 24 | |
| Basic commands | 26 | |
| Build / train | 73 | |
| Enter build submenu | 18 | |
| Enter hero's abilities submenu | 10 | |
| Give item / drop item | 7 | |
| Right click | 1663 | |
| Select / deselect | 229 | |
| Select group hotkey | 1224 | |
| Use ability | 118 | |
3392 total
» units
| Peon | 16 | |
| Grunt | 6 | |
| Raider | 5 | |
| Spirit Walker | 3 | |
| Kodo Beast | 1 | |
31 total
» upgrades
| Berserker Strength | 1 | |
| Ensnare | 1 | |
| Armor | 2 | |
| Melee Weapons | 1 | |
| Pillage | 1 | |
| Spirit Walker Training | 1 | |
7 total
» buildings
| Altar of Storms | 1 | |
| Orc Burrow | 6 | |
| Barracks | 1 | |
| Voodoo Lounge | 4 | |
| Stronghold | 3 | |
| Beastiary | 1 | |
| Spirit Lodge | 1 | |
| War Mill | 1 | |
18 total
» build order
00:04 Altar of Storms
00:15 Orc Burrow
00:35 Barracks
01:37 Orc Burrow
01:51 Voodoo Lounge
01:55 Voodoo Lounge
03:00 Stronghold
03:00 Stronghold
03:00 Stronghold
03:23 Orc Burrow
05:41 Beastiary
05:42 Spirit Lodge
06:03 Orc Burrow
07:25 War Mill
10:25 Orc Burrow
10:27 Orc Burrow
12:41 Voodoo Lounge
12:43 Voodoo Lounge
» items
| Boots of Speed | 2 | |
| Dust of Appearance | 3 | |
| Healing Salve | 4 | |
| Lesser Clarity Potion | 3 | |
| Scroll of Speed | 1 | |
| Potion of Lesser Invulnerability | 1 | |
| Scroll of Healing | 2 | |
| Circlet of Nobility | 1 | |
17 total
Chat log
(00:39 / All) timg5strok: blade master map
(00:45 / All) Asp_: every map is a blademaster map
(01:13 / All) Asp_: although i always theorized that FS may be better vs talons
(01:21 / All) Asp_: due to AoE / cycloning not mattering as much
(01:24 / All) timg5strok: maybe but id just bring wisp
(09:17 / All) timg5strok: my rallies
(09:18 / All) timg5strok: fuck
(10:20 / All) timg5strok: god damn
(10:26 / All) timg5strok: im v upset
(10:30 / All) Asp_: lol
(16:02 / All) timg5strok: gg
(16:04 / All) Asp_: gg